AoeStats
← only1

Pilgrims

510267724Analyzed
4v4 RM · 8h ago on Sep 30, 2026· 42m 30s· 8 players
Game mode
Random Map
Map size
Large (8 player)
Population
200
Speed
Normal
Resources
Standard
Victory
Conquest
Starting age
Dark Age
Ending age
Imperial Age
RankedLock teamsTeams togetherTeam positionsShared explorationLock speedFull tech treeHidden civsTurbo modeCheats
Victory
Defeat
🇦🇷 Vikings · Argentina
954
+14
🇳🇴 Ethiopians · Norway
937
+15
908
+16
🇫🇷 Saracens · France
856
+18
🇨🇳 Japanese · China
954
-18
🇨🇳 Hindustanis · China
925
-16
🇹🇼 Franks · Taiwan
910
-16
🇨🇳 Wu · China
844
-13
only1
心死就在一瞬間
5:32 Loom
12:13 Feudal Age
12:45 Town Watch
15:05 Scale Barding Armor
15:13 Forging
21:58 Castle Age
19:58 Gold Mining
20:52 Double-Bit Axe
21:35 Fishing Lines
22:59 Chain Barding Armor
26:07 Iron Casting
25:48 Husbandry
bnana2K
4:02 Loom
10:22 Feudal Age
17:22 Castle Age
16:09 Double-Bit Axe
16:15 Horse Collar
20:55 Bow Saw
20:47 Heavy Plow
21:31 Stone Mining
21:37 Gold Mining
23:57 Fletching
25:12 Medium Warships
25:51 Red Cliffs Tactics
812508893
12:19 Feudal Age
12:57 Fishing Lines
14:46 Double-Bit Axe
17:17 Castle Age
15:12 Horse Collar
23:20 Medium Warships
24:21 Bow Saw
31:45 Wheelbarrow
31:22 Gillnets
35:44 Forging
35:30 Fletching
kris10an
11:35 Feudal Age
12:12 Fishing Lines
16:05 Castle Age
16:56 Wheelbarrow
17:21 Gillnets
22:27 Squires
22:13 Arson
25:28 Town Watch
25:59 Hand Cart
30:23 Royal Heirs
30:44 Forging
30:35 Scale Mail Armor
32:40 Iron Casting
32:21 Chain Mail Armor
36:14 Imperial Age
36:19 Elite Shotel Warrior
38:05 Blast Furnace
37:36 Plate Mail Armor
38:11 Spies/Treason
Thats How We do action in Uganda
6:43 Loom
16:35 Feudal Age
17:44 Horse Collar
17:53 Double-Bit Axe
21:01 Bloodlines
21:01 Scale Barding Armor
21:06 Forging
24:03 Castle Age
22:03 Gold Mining
22:02 Fishing Lines
22:56 Stone Mining
25:30 Heavy Plow
25:43 Bow Saw
26:57 Wheelbarrow
26:08 Town Watch
26:19 Gillnets
28:40 Fletching
30:52 Hand Cart
30:52 Medium Warships
31:24 Bodkin Arrow
31:32 Padded Archer Armor
32:26 Stone Shaft Mining
33:50 Murder Holes
35:50 Gold Shaft Mining
36:50 Masonry
39:07 Nomads
39:29 Ballistics
39:22 Fortified Wall
40:19 Husbandry
39:41 Light Cavalry
41:18 Fervor
43:55 Imperial Age
42:48 Leather Archer Armor
Furi
12:35 Feudal Age
16:47 Castle Age
16:08 Bloodlines
16:24 Scale Barding Armor
17:39 Double-Bit Axe
21:08 Husbandry
20:56 Fishing Lines
21:47 Gold Mining
21:41 Horse Collar
23:06 Heavy Plow
23:54 Town Watch
24:57 Elite Skirmisher
30:44 Pikeman
Ochen
13:01 Feudal Age
16:45 Castle Age
15:12 Fishing Lines
16:09 Double-Bit Axe
21:53 Squires
21:39 Arson
25:14 Imperial Age
22:52 Gillnets
25:14 Forging
25:05 Scale Mail Armor
27:31 Iron Casting
27:13 Chain Mail Armor
28:21 Elite Longship
30:25 Town Watch
32:27 Blast Furnace
31:58 Plate Mail Armor
31:01 Elite Berserk
33:18 Ballistics
33:58 Chemistry
33:02 Fletching
Connection lost

Rejoining the realm…

Still unreachable

The connection could not be restored.

Session expired

The server has moved on; the page needs a fresh start.